 Dungeon Crawl Stone Soup version 0.30.1-4-g462c640d31 (webtiles) character file.

Game seed: 12223769261937534303

153 Bobit the Grasshopper (level 5, 0/43 HPs)
             Began as a Gnoll Warper on Aug 15, 2023.
             Slain by a hobgoblin
             ... wielding a +0 club
              (3 damage)
             ... on level 3 of the Dungeon.
             The game lasted 00:10:28 (3298 turns).

Bobit the Grasshopper (Gnoll Warper)                Turns: 3298, Time: 00:10:31

Health: 0/43       AC:  6    Str: 10    XL:     5   Next: 35%
Magic:  2/12       EV: 11    Int: 15    God:
Gold:   32         SH:  0    Dex: 11    Spells: 3/14 levels left

rFire   . . .        n - +1 long sword (holy)
rCold   . . .        (no shield)
rNeg    . . .        p - +0 ring mail
rPois   .            r - +0 helmet
rElec   .            (no cloak)
rCorr   .            (no gloves)
SInv    .            (no boots)
Will    .....        (no amulet)
Stlth   +            (no ring)
HPRegen 0.27/turn    (no ring)
MPRegen 0.13/turn

%: no passive effects
@: on blink cooldown, very slightly contaminated
A: fangs 1, strong nose, distributed training
a: no special abilities


You were on level 3 of the Dungeon.
You visited 1 branch of the dungeon, and saw 3 of its levels.

You collected 65 gold pieces.
You spent 33 gold pieces at shops.

Inventory:

Hand Weapons
 a - a +0 falchion
 n - a +1 long sword of holy wrath (weapon)
Missiles
 d - 7 boomerangs of dispersal
Armour
 b - a +0 leather armour
 p - a +0 ring mail (worn)
 r - a +0 helmet (worn)
Scrolls
 c - a scroll of blinking
 f - a scroll of identify {unknown}
 h - 3 scrolls of poison {unknown}
 k - a scroll of brand weapon {unknown}
Potions
 e - 2 potions of berserk rage {unknown}
 g - 3 potions of degeneration {unknown}
 i - 2 potions of haste {unknown}
 j - a potion of brilliance {unknown}
 l - a potion of resistance {unknown}
 m - a potion of heal wounds {unknown}
 o - a potion of mutation {unknown}
 s - a potion of might {unknown}


   Skills:
 + Level 4.8 Fighting
 + Level 1.5 Short Blades
 + Level 4.8 Long Blades
 + Level 1.5 Axes
 + Level 1.5 Maces & Flails
 + Level 1.5 Polearms
 + Level 1.5 Staves
 + Level 1.5 Ranged Weapons
 + Level 3.0 Throwing
 + Level 3.0 Armour
 + Level 4.8 Dodging
 + Level 1.5 Stealth
 + Level 1.5 Shields
 + Level 1.5 Unarmed Combat
 + Level 5.2 Spellcasting
 + Level 1.2 Conjurations
 + Level 1.2 Hexes
 + Level 1.2 Summonings
 + Level 1.2 Necromancy
 + Level 5.5 Translocations
 + Level 1.2 Transmutations
 + Level 1.2 Fire Magic
 + Level 1.2 Ice Magic
 + Level 1.2 Air Magic
 + Level 1.2 Earth Magic
 + Level 1.2 Poison Magic
 + Level 1.7 Invocations
 + Level 1.5 Evocations


You had 3 spell levels left.
You knew the following spells:

 Your Spells              Type           Power      Damage    Failure   Level
a - Summon Small Mammal   Summ           28%        N/A       24%         1
b - Blink                 Tloc           40%        N/A       6%          2
c - Teleport Other        Tloc           20%        N/A       12%         3
d - Gell's Gravitas       Tloc           20%        N/A       12%         3
e - Passwall              Tmut/Erth      5%         N/A       34%         2

Your spell library contained the following spells:

 Spells                   Type           Power      Damage    Failure   Level
 Lesser Beckoning         Tloc           40%        N/A       6%          2
 Sandblast                Erth           14%        2d6       24%         1
 Vhi's Electric Charge    Tloc/Air       28%        N/A       28%         3
 Call Canine Familiar     Summ           7%         N/A       56%         3
 Stone Arrow              Conj/Erth      14%        3d7       56%         3
 Summon Guardian Golem    Hex/Summ       7%         N/A       56%         3
 Manifold Assault         Tloc           20%        N/A       36%         4


Dungeon Overview and Level Annotations

Branches:
Dungeon (3/15)

Altars:
Sif Muna
Wu Jian

Shops:
D:2 *

Annotations:
D:3 2 transporters, TobyRickard's ghost, amateur HOFi


Innate Abilities, Weirdness & Mutations

You have very sharp teeth.
Your uncanny sense of smell can sniff out nearby items.
Your experience applies equally to all skills.


Message History

* * * LOW HITPOINT WARNING * * *
The gnoll attacks as you move away! The gnoll hits you but does no damage.
The goblin hits you but does no damage. The gnoll hits you but does no damage.
The goblin attacks as you move away! The goblin closely misses you.
The goblin hits you but does no damage.
Casting: Blink (safe; 6% risk of failure)
Confirm with . or Enter, or press ? or * to list all spells.
You blink.
The gnoll hits you with a +0 spear.
* * * LOW HITPOINT WARNING * * *
The goblin attacks as you move away! The goblin hits you with a +0 club.
* * * LOW HITPOINT WARNING * * *
The gnoll hits you but does no damage. The hobgoblin hits you with a +0 club.
* * * LOW HITPOINT WARNING * * *
The goblin hits you but does no damage.
You feel better.
You feel stable enough to blink again. The hobgoblin completely misses you.
The gnoll closely misses you. The goblin hits you but does no damage.
Casting: Blink (safe; 6% risk of failure)
Confirm with . or Enter, or press ? or * to list all spells.
You miscast Blink.
You are very lightly contaminated with residual magic.
Nothing appears to happen.
The gnoll barely misses you. The goblin misses you.
The hobgoblin barely misses you. The goblin hits you but does no damage.
The gnoll completely misses you. The goblin hits you but does no damage.
The gnoll attacks as you move away! The gnoll hits you but does no damage.
The goblin closely misses you. x2; The gnoll completely misses you.
The gnoll hits you from afar with a +0 spear.
* * * LOW HITPOINT WARNING * * *
The gnoll attacks as you move away! The gnoll closely misses you.
The gnoll barely misses you. The gnoll hits you with a +0 spear.
* * * LOW HITPOINT WARNING * * *
Casting: Blink (safe; 6% risk of failure)
Confirm with . or Enter, or press ? or * to list all spells.
You blink.
The gnoll barely misses you. x2
The goblin hits you with a +0 club.
* * * LOW HITPOINT WARNING * * *
The hobgoblin hits you with a +0 club.
You die...

∆∆∆######## #######
∆∆∆#...l.g## ##.....#
∆∆∆#..@gggg###......+
#+##...gggg.#.......###
#......gggg.#..........
#........g..'..........
#..)........#..........
#'##........#.......###
#.. #.......###......+
≈≈≈≈≈≈≈#[. #......##
##.....# ≈≈≈≈≈≈≈#..
####################


You could see 4 gnolls, 3 hobgoblins, 7 goblins and a frilled lizard.

Vanquished Creatures
  2 gnolls (D:3)
  2 adders (D:3)
  2 worms
  2 dart slugs
  5 orcs (D:3)
  3 ball pythons
  9 endoplasms
  3 giant cockroaches (D:1)
  22 goblins
  11 hobgoblins
  2 jackals (D:2)
  2 kobolds
  3 quokkas
  9 bats
  7 frilled lizards
  6 rats
90 creatures vanquished.

Vanquished Creatures (collateral kills)
  A jackal (D:2)
1 creature vanquished.

Grand Total: 91 creatures vanquished

Notes
Turn   | Place    | Note
-------+----------+-------------------------------------------
     0 | D:1      | Bobit the Gnoll Warper began the quest for the Orb.
     0 | D:1      | Reached XP level 1. HP: 20/20 MP: 6/6
   139 | D:1      | Reached XP level 2. HP: 23/26 MP: 7/7
   318 | D:1      | Learned a level 1 spell: Summon Small Mammal
   378 | D:1      | Reached skill level 5 in Spellcasting
   378 | D:1      | Reached XP level 3. HP: 29/31 MP: 6/9
   381 | D:1      | Learned a level 2 spell: Blink
   385 | D:1      | Learned a level 3 spell: Teleport Other
   389 | D:1      | Learned a level 3 spell: Gell's Gravitas
   887 | D:1      | Reached skill level 1 in Invocations
   941 | D:2      | Found Hoxtuopp's General Store.
  1397 | D:2      | Reached skill level 1 in Short Blades
  1397 | D:2      | Reached skill level 1 in Axes
  1397 | D:2      | Reached skill level 1 in Maces & Flails
  1397 | D:2      | Reached skill level 1 in Polearms
  1397 | D:2      | Reached skill level 1 in Staves
  1397 | D:2      | Reached skill level 1 in Ranged Weapons
  1397 | D:2      | Reached skill level 1 in Stealth
  1397 | D:2      | Reached skill level 1 in Shields
  1397 | D:2      | Reached skill level 1 in Unarmed Combat
  1397 | D:2      | Reached skill level 1 in Evocations
  1460 | D:2      | Learned a level 2 spell: Passwall
  1733 | D:2      | Bought a potion of curing for 33 gold pieces
  1753 | D:3      | Found a transporter.
  1757 | D:3      | Noticed TobyRickard's ghost (amateur HOFi)
  1761 | D:3      | Found a shimmering blue altar of Sif Muna.
  1880 | D:2      | Reached XP level 4. HP: 20/38 MP: 8/11
  2076 | D:3      | Reached skill level 1 in Conjurations
  2076 | D:3      | Reached skill level 1 in Hexes
  2076 | D:3      | Reached skill level 1 in Summonings
  2076 | D:3      | Reached skill level 1 in Necromancy
  2076 | D:3      | Reached skill level 1 in Transmutations
  2076 | D:3      | Reached skill level 1 in Fire Magic
  2076 | D:3      | Reached skill level 1 in Ice Magic
  2076 | D:3      | Reached skill level 1 in Air Magic
  2076 | D:3      | Reached skill level 1 in Earth Magic
  2076 | D:3      | Reached skill level 1 in Poison Magic
  2219 | D:3      | Found an ornate altar of the Wu Jian Council.
  2286 | D:3      | Found a transporter.
  2384 | D:3      | Found a faded altar of an unknown god.
  2627 | D:3      | Reached XP level 5. HP: 43/43 MP: 12/12
  3298 | D:3      | Slain by a hobgoblin

Illustrated notes

Levels and vault maps discovered:
D:1:      amcnicky_arrival_underground_garden, layout_basic
D:2:      layout_loops_corners, serial_shops, shop
D:3:      minmay_goblin_kobold_castle, layout_loops_ring,
          nicolae_sif_muna_condensation, general_overflow_altar,
          portal_sewer_entry_d, nicolae_ecumenical_oubliette,
          gammafunk_ghost_arena

Skill      XL: |  1  2  3  4  5 |
---------------+----------------+-----
Spellcasting   | 5 |  5.2
Invocations    | 1 |  1.7
Short Blades   | 1 |  1.5
Axes           | 1 |  1.5
Maces & Flails | 1 |  1.5
Polearms       | 1 |  1.5
Staves         | 1 |  1.5
Ranged Weapons | 1 |  1.5
Stealth        | 1 |  1.5
Shields        | 1 |  1.5
Unarmed Combat | 1 |  1.5
Evocations     | 1 |  1.5
Conjurations   | 1 |  1.2
Hexes          | 1 |  1.2
Summonings     | 1 |  1.2
Necromancy     | 1 |  1.2
Transmutations | 1 |  1.2
Fire Magic     | 1 |  1.2
Ice Magic      | 1 |  1.2
Air Magic      | 1 |  1.2
Earth Magic    | 1 |  1.2
Poison Magic   | 1 |  1.2
Throwing       | 3 |  3.0
Armour         | 3 |  3.0
Fighting       | |  4.8
Long Blades    | |  4.8
Dodging        | |  4.8
Translocations | |  5.5

Action                     |  1- 3 |  4- 6 || total
---------------------------+-------+-------++-------
  Melee: Falchion          |   102 |       ||   102
         Bite              |    10 |     7 ||    17
         Punch             |     1 |     1 ||     2
         Long sword        |    15 |   127 ||   142
   Cast: Summon Small Mamm |     4 |     1 ||     5
         Gell's Gravitas   |     3 |     2 ||     5
         Blink             |     1 |     6 ||     7
    Use: Potion            |       |     1 ||     1
 Armour: Leather armour    |    33 |       ||    33
         Ring mail         |    17 |   109 ||   126
  Dodge: Dodged            |   110 |   171 ||   281
